 Dungeon Crawl Stone Soup version 0.28-b1-70-g80dc712255 (webtiles) character file.

Game seed: 17300133826607268150

1234 crazypyro the Skirmisher (level 8, -6/64 HPs)
             Began as a Demonspawn Fighter on Feb 3, 2022.
             Was an Initiate of Ashenzari.
             Mangled by an orc warrior (11 damage)
             ... on level 7 of the Dungeon.
             The game lasted 00:07:10 (6386 turns).

crazypyro the Skirmisher (Demonspawn Fighter)       Turns: 6386, Time: 00:07:10

Health: -6/64      AC: 14    Str: 25    XL:     8   Next: 24%
Magic:  7/7        EV:  6    Int: 10    God:    Ashenzari [......]
Gold:   308        SH:  5    Dex: 12    Spells: 7/7 levels left

rFire   + . .      SeeInvis .   l - +3 broad axe (venom)
rCold   . . .      Faith    .   c - +0 buckler
rNeg    . . .      Spirit   .   q - +0 plate armour
rPois   .          Reflect  .   (no helmet)
rElec   .          Harm     .   e - +0 cloak
rCorr   .          Rampage  .   (no gloves)
Will    .....                   (no boots)
Stlth   ..........              (no amulet)
HPRegen 0.20/turn               n - +6 ring of strength
MPRegen 0.10/turn               g - ring of the Fated Bitterness {rF+, Melee, Evo} (curse)

@: no status effects
A: hooves 1, ignite blood 1, sharp scales 1, low MP 1
a: Renounce Religion, Curse Item, Shatter the Chains


You were on level 7 of the Dungeon.
You worshipped Ashenzari.
Ashenzari was noncommittal.
You visited 2 branches of the dungeon, and saw 8 of its levels.

You collected 348 gold pieces.
You spent 40 gold pieces at shops.

Inventory:

Hand Weapons
 a - a +0 war axe
 l - a +3 broad axe of venom (weapon)
Armour
 b - a +0 scale mail
 c - a +0 buckler (worn)
 e - a +0 cloak (worn)
 q - a +0 plate armour (worn)
Jewellery
 g - the cursed ring of the Fated Bitterness (right hand) {rF+, Melee, Evo}
   (You found it on level 1 of the Dungeon)

   [ring of protection from fire]

   rF:        It protects you from fire.
   It has a curse which improves the following skills: Melee Combat: Short
   Blades, Long Blades, Axes, Maces & Flails, Polearms, Staves and Unarmed
   Combat.
   Evocations: Evocations.
 n - a +6 ring of strength (left hand)
 o - a ring of protection from fire
 v - a ring of positive energy
 w - a ring of fire
 y - a +4 ring of protection
Wands
 C - a wand of charming (12)
Scrolls
 j - 4 scrolls of identify
 k - a scroll of enchant armour {unknown}
 p - 2 scrolls of noise
Potions
 d - 4 potions of might
 h - a potion of invisibility {unknown}
 i - 3 potions of attraction {unknown}
 m - a potion of lignification {unknown}
 u - 3 potions of curing {unknown}
 x - a potion of brilliance {unknown}
 A - a potion of heal wounds {unknown}


   Skills:
 + Level 5.8 Fighting
 + Level 4.8(5.2) Axes
 + Level 5.2 Armour
 + Level 5.2 Shields


You had 7 spell levels left.
You didn't know any spells.
Your spell library contained the following spells:

 Spells                   Type           Power      Damage    Failure   Level
 Animate Skeleton         Necr           0%         N/A       100%        1
 Apportation              Tloc           0%         N/A       100%        1
 Sandblast                Erth           0%         2d4       100%        1
 Summon Small Mammal      Summ           0%         N/A       100%        1
 Ensorcelled Hibernation  Hex/Ice        0%         N/A       100%        2
 Passwall                 Tmut/Erth      0%         N/A       100%        2
 Stone Arrow              Conj/Erth      0%         3d7       100%        3
 Swiftness                Air            0%         N/A       100%        3


Dungeon Overview and Level Annotations

Branches:
Dungeon (7/15)             Temple (1/1) D:5

Altars:
Ashenzari
Elyvilon
Qazlal
Sif Muna
Trog
Uskayaw
Vehumet
Xom
Yredelemnul
The Shining One

Shops:
D:1 *   D:3 (   D:5 *


Innate Abilities, Weirdness & Mutations

You have large cloven feet.
Your demonic aura sometimes causes spilled blood to erupt in flames.
You are partially covered in razor-sharp scales. (AC +1, Slay +1)
Your magical capacity is low. (-10% MP)


Message History

The orc warrior barely misses you.
You barely miss the orc. You block the orc's attack.
You block the orc warrior's attack. The orc warrior completely misses you.
The orc hits you but does no damage.
You completely miss the orc.
The orc warrior hits you from afar with a +0 trident.
The orc warrior hits you from afar with a +0 glaive!
You block the orc's attack.
The orc warrior hits you from afar with a +0 trident!
Unknown command.
You are too injured to fight recklessly!
You hit the orc.
The orc is poisoned.
You kick the orc, but do no damage.
The orc is lightly wounded.
The orc warrior completely misses you.
The orc is engulfed in blazing flames.
You kill the orc!
The orc warrior hits you but does no damage.
The orc warrior hits you from afar with a +0 glaive.
The orc warrior hits you from afar with a +0 trident.
* * * LOW HITPOINT WARNING * * *
The orc warrior hits you but does no damage.
Items here: ))) [[ †.
You slash the orc warrior!
The orc warrior is poisoned.
The orc warrior is heavily wounded.
The orc warrior hits you but does no damage.
The orc warrior barely misses you.
You hit the orc warrior but do no damage.
Your kick misses the orc warrior.
The orc warrior is heavily wounded.
The orc warrior hits you from afar with a +0 trident.
* * * LOW HITPOINT WARNING * * *
The orc warrior barely misses you.
The orc warrior hits you but does no damage. x2
The orc warrior hits you but does no damage.
The orc warrior barely misses you.
The orc warrior hits you with a +0 trident!
* * * LOW HITPOINT WARNING * * *
The orc warrior hits you with a +0 glaive.
* * * LOW HITPOINT WARNING * * *
The orc warrior hits you from afar with a +0 trident!
You die...

#...... #######......
#............
############............
........................
######.####.........#..
#...))..############..
#..o.o..# ### #....@..#
###### #....)..# #...<#
# #.......# ####.####
#....(..# #.....
#.......# #.....
#####+### #####.....
#......... #.......[.
#.........


You could see 2 orc warriors.

Vanquished Creatures
  A water moccasin (D:5)
  An acid dragon (D:6)
  3 ogres
  A centaur (D:5)
  A scorpion (D:4)
  A water moccasin skeleton (D:5)
  3 hounds
  2 jellies
  A bullfrog skeleton (D:5)
  An orc priest (D:7)
  2 centaur skeletons
  Crazy Yiuf (D:6)
  A gnoll shaman (D:6)
  An orc wizard (D:6)
  7 gnolls
  6 adders
  A shadow imp (D:6)
  3 ufetubi
  2 worms (D:4)
  A dart slug (D:2)
  11 orcs
  12 ball pythons
  5 endoplasms
  7 giant cockroaches
  8 hobgoblins
  A jackal (D:2)
  5 kobolds
  3 quokkas
  7 bats
  4 frilled lizards
  3 goblins
  6 rats
112 creatures vanquished.

Vanquished Creatures (others)
  3 fungi (D:6)
  A plant (D:3)
4 creatures vanquished.

Grand Total: 116 creatures vanquished

Notes
Turn   | Place    | Note
-------+----------+-------------------------------------------
     0 | D:1      | crazypyro the Demonspawn Fighter began the quest for the
                  | Orb.
     0 | D:1      | Reached XP level 1. HP: 18/18 MP: 1/1
   344 | D:1      | Found Rasoguse's General Store.
   351 | D:1      | Gained mutation: Your demonic aura sometimes causes spilled
                  | blood to erupt in flames. [demonic ancestry]
   351 | D:1      | Reached XP level 2. HP: 24/24 MP: 2/2
   898 | D:1      | Gained mutation: You have large cloven feet. [demonic
                  | ancestry]
   898 | D:1      | Reached XP level 3. HP: 25/29 MP: 3/3
  1061 | D:1      | Bought a +0 broad axe for 40 gold pieces
  2036 | D:3      | Found a faded altar of an unknown god.
  2162 | D:3      | Reached XP level 4. HP: 35/35 MP: 4/4
  2164 | D:3      | Found Vuikuf's Antique Weapon Shoppe.
  2650 | D:4      | Reached XP level 5. HP: 28/42 MP: 5/5
  3506 | D:5      | Entered Level 5 of the Dungeon
  3514 | D:5      | Noticed an ogre
  3582 | D:5      | Noticed an ogre
  3587 | D:5      | Killed an ogre
  3588 | D:5      | Reached XP level 6. HP: 17/49 MP: 6/6
  4048 | D:5      | Found a staircase to the Ecumenical Temple.
  4053 | Temple   | Entered the Ecumenical Temple
  4276 | Temple   | Became a worshipper of Ashenzari the Shackled
  4339 | D:5      | Reached XP level 7. HP: 55/55 MP: 7/7
  4592 | D:5      | Reached skill level 5 in Fighting
  4690 | D:5      | Found Zueqaun's General Store.
  5102 | D:6      | Gained mutation: Your magical capacity is low. (-10% MP)
                  | [potion of mutation]
  5482 | D:6      | Reached skill level 5 in Armour
  5857 | D:6      | Gained mutation: You are partially covered in razor-sharp
                  | scales. (AC +1, Slay +1) [demonic ancestry]
  5857 | D:6      | Reached XP level 8. HP: 63/63 MP: 7/7
  5860 | D:6      | Reached skill level 5 in Shields
  6229 | D:6      | Found a runed translucent door.
  6230 | D:6      | Noticed Crazy Yiuf
  6235 | D:6      | Killed Crazy Yiuf
  6386 | D:7      | Mangled by an orc warrior

Illustrated notes

Levels and vault maps discovered:
D:1:      evilmike_arrival_plus, layout_basic, serial_shops,
          nicolae_shop_advertising_works [nicolae_subvault_shop_adworks]
D:2:      minmay_inner_zag, layout_rooms, basic_altar,
          chequers_decorated_corner, chequers_serial_rivers_room_b,
          minmay_close_crescents
D:3:      layout_basic, shapermc_ecumenical_altar_acropolis, serial_shops,
          shop_fountains
D:4:      layout_basic, serial_rivers, chequers_serial_rivers_small_a,
          chequers_serial_rivers_micro_d, chequers_serial_rivers_micro_b,
          chequers_serial_rivers_large_a, chequers_serial_rivers_micro_a,
          chequers_serial_rivers_micro_a
D:5:      layout_rooms, temple_doors_e, serial_shops, nicolae_take_the_stairs,
          kennysheep_cluttered_room
D:6:      layout_loops_ring, tso_oasis_becter, chequers_serial_rivers_micro_e,
          kennysheep_generic_room_15, uniq_crazy_yiuf_cottage
D:7:      layout_basic, nicolae_overflow_hallway_of_the_gods,
          lemuel_coloured_pillars_altar, gammafunk_temple_overflow_pools,
          enter_bailey_5, serial_shops, shop
Temple:   compressed_dpeg_triangle_lava_temple

Skill      XL: |  1  2  3  4  5  6  7  8 |
---------------+-------------------------+-----
Axes           | 2 3 4 |  4.8
Shields        | 3 4 5 |  5.2
Armour         | 3 4 5 |  5.2
Fighting       | 4 5 |  5.8

Action                   |  1- 3 |  4- 6 |  7- 9 || total
-------------------------+-------+-------+-------++-------
Melee: War axe           |    74 |       |       ||    74
       Broad axe         |    61 |    84 |   103 ||   248
       Kick              |    10 |    20 |    20 ||    50
Invok: Curse Item        |       |       |     1 ||     1
  Use: Scroll            |       |       |    13 ||    13
       Potion            |       |       |     1 ||     1
Armor: Scale mail        |    64 |       |       ||    64
       Plate armour      |       |    65 |    66 ||   131
Dodge: Dodged            |    71 |    40 |    35 ||   146
Block: Buckler           |    35 |    20 |    33 ||    88
